 Dungeon Crawl Stone Soup version 0.23.2-33-g5129a83184 (webtiles) character file.

Game seed: 2534196926746867794

328 MalarOregon the Skirmisher (level 6, -7/48 (53) HPs)
             Began as a Ghoul Earth Elementalist on July 15, 2019.
             Mangled by a yak (13 damage)
             ... on level 4 of the Dungeon.
             The game lasted 00:12:16 (4620 turns).

MalarOregon the Skirmisher (GhEE)                   Turns: 4620, Time: 00:12:17

HP:   -7/48 (53)    AC:  5    Str: 12    XL:     6   Next: 50%
MP:   5/8           EV: 12    Int: 12    God:
Gold: 260           SH:  0    Dex:  9    Spells: 1/9 levels left

rFire    . . .     SeeInvis .   j - +1 mace (drain)
rCold    + . .     Gourm    .   (no shield)
rNeg     + + +     Faith    .   c - +1 robe
rPois    ∞         Spirit   .   f - +2 hat
rElec    .         Reflect  .   (no cloak)
rCorr    .         Harm     .   (no gloves)
MR       .....                  (no boots)
Stlth    ++........             (no amulet)
HPRegen  0.00/turn              (no ring)
MPRegen  0.11/turn              (no ring)

@: very slightly contaminated, rotting
A: rotting body, claws 1, carnivore, cold resistance 1, negative energy
resistance 3, inhibited regeneration, torment resistance, unbreathing
a: no special abilities


You were on level 4 of the Dungeon.
You were very hungry.

You visited 1 branch of the dungeon, and saw 5 of its levels.

You collected 260 gold pieces.

Inventory:

Hand Weapons
 d - a -1 hunting sling
   (You found it on level 3 of the Dungeon)
 j - a +1 mace of draining (weapon)
   (You found it on level 4 of the Dungeon)
Missiles
 b - 119 stones (quivered)
Armour
 c - a +1 robe (worn)
 f - a +2 hat (worn)
   (You found it on level 1 of the Dungeon)
Jewellery
 g - an uncursed ring of ice {unknown}
   (You found it on level 5 of the Dungeon)
 h - an uncursed ring of flight {unknown}
   (You found it on level 1 of the Dungeon)
 o - an uncursed ring of protection from magic {unknown}
   (You found it on level 3 of the Dungeon)
Scrolls
 i - 4 scrolls of teleportation {@r4}
 k - a scroll of magic mapping
Potions
 a - 2 potions of heal wounds {@q2}
 l - a potion of berserk rage {unknown}
 m - a potion of curing {unknown}
 n - a potion of flight {unknown}
 p - a potion of resistance {unknown}
 q - 2 potions of cancellation {unknown}
 r - a potion of haste {unknown}
Comestibles
 e - 7 rations {!d}


   Skills:
 + Level 4.5 Fighting
 + Level 2.4 Dodging
 - Level 3.0 Stealth
 - Level 2.0 Spellcasting
 + Level 1.1 Conjurations
 + Level 1.5 Transmutations
 + Level 4.5 Earth Magic


You had one spell level left.
You knew the following spells:

 Your Spells              Type           Power        Failure   Level  Hunger
a - Sandblast             Erth           ##....       4%          1    ##.....
q - Passwall              Tmut/Erth      #.......     12%         2    ###....
s - Sticks to Snakes      Tmut           #.......     22%         2    ###....
x - Stone Arrow           Conj/Erth      #.....       26%         3    ####...

Your spell library contained the following spells:

 Spells                   Type           Power        Failure   Level  Hunger
 Petrify                  Tmut/Erth      #.......     61%         4    #####..
 Lee's Rapid Deconstruct  Erth           ##........   75%         5    ######.
 Beastly Appendage        Tmut           Unusable     N/A         1    N/A
 Spider Form              Tmut/Pois      Unusable     N/A         3    N/A
 Ice Form                 Ice/Tmut       Unusable     N/A         4    N/A
 Blade Hands              Tmut           Unusable     N/A         5    N/A

Dungeon Overview and Level Annotations

Branches:
Dungeon (5/15)
 Temple: D:4-7

Altars:
Dithmenos
Elyvilon
Fedhas
Makhleb
Nemelex Xobeh
Trog
Zin

Shops:
D:4 }


Innate Abilities, Weirdness & Mutations

Your body is rotting away.
You thrive on raw meat.
You are immune to poison.
You have sharp fingernails.
You are carnivorous and can eat meat at any time.
Your flesh is cold resistant. (rC+)
You are immune to negative energy. (rN+++)
You do not regenerate when monsters are visible.
You are immune to unholy pain and torment.
You can survive without breathing.


Message History

The blast of sand hits Ijyb.
b - 123 stones Ijyb hits you.
Aim: Ijyb, wearing a +0 leather armour and carrying a wand of random effects (17) (almost dead)
The blast of sand hits Ijyb but does no damage.
b - 122 stones Ijyb hits you but does no damage.
Aim: Ijyb, wearing a +0 leather armour and carrying a wand of random effects (17) (almost dead)
The blast of sand hits Ijyb but does no damage.
b - 121 stones Ijyb barely misses you.
You don't have enough magic to cast that spell.
Firing (i - inventory)
b - 121 stones (quivered)
Aim: Ijyb, wearing a +0 leather armour and carrying a wand of random effects (17) (almost dead)
You shoot a stone. The stone closely misses Ijyb.
The stone hits the yak.
Ijyb hits you.
Firing (i - inventory)
b - 120 stones (quivered)
Aim: Ijyb, wearing a +0 leather armour and carrying a wand of random effects (17) (almost dead)
You shoot a stone. The stone hits Ijyb.
You kill Ijyb!
The yak barely misses you.
There is an open door here.
There is a stone staircase leading down here.
The yak closely misses you.
You are feeling very hungry.
There is a stone staircase leading up here.
The yak gores you.
You climb upwards.
There is a stone staircase leading down here.
You aren't carrying any items that you can evoke.
Okay, then.
As you read the scroll labeled ETEXIO FEAGE, it crumbles to dust.
You feel as if something is helping you.
It was a scroll of remove curse.
Wield which item (- for none, * to show all)? (? for menu, Esc to quit)
You sense an unholy aura.
j - a +1 mace of draining (weapon)
The yak gores you.
You barely miss the yak. The yak gores you.
You hit the yak. The yak closely misses you. The yak misses you.
You hit the yak. You drain the yak. The yak gores you.
You hit the yak. The yak gores you!
* * * LOW HITPOINT WARNING * * *
Aim: a yak (moderately wounded, lightly drained)
You miscast Stone Arrow.
You are very lightly contaminated with residual magic.
Wisps of smoke drift from your claws. The yak gores you!
* * * LOW HITPOINT WARNING * * *
The yak gores you!
You die...

##..###.#####.#
##.....#######
#####...##...##... #
####..###.##.........
####.##.#....#......###.##.
#....#........>....###...#.
#.....∩...##...##).# ##.##.
.....#...Y#######..# #.###
..........@# #.. #.#..
#.....<...# ## #.##.
####.......# .....
#..#......# .....
#####.##..# ..... ... ...#
.. ##.. ........#..... #...
#.............. ##..
.........##.###..


You could see a yak.

Vanquished Creatures
  A centaur zombie (D:5)
  An iguana (D:2)
  2 orc wizards
  A worker ant (D:5)
  Ijyb (D:5)
  9 adders
  2 worms
  3 dart slugs
  2 leopard geckos
  2 orcs
  6 giant cockroaches
  5 goblins
  7 hobgoblins
  7 jackals
  2 quokkas (D:3)
  A ball python (D:2)
  8 bats
  6 frilled lizards
  5 kobolds
  A leopard gecko skeleton (D:5)
  15 rats
87 creatures vanquished.

Vanquished Creatures (others)
  A fungus (D:2)
1 creature vanquished.

Grand Total: 88 creatures vanquished

Notes
Turn   | Place    | Note
-------+----------+-------------------------------------------
     0 | D:1      | MalarOregon the Ghoul Earth Elementalist began the quest
                  | for the Orb.
     0 | D:1      | Reached XP level 1. HP: 14/14 MP: 2/2
   472 | D:1      | Reached XP level 2. HP: 18/22 MP: 3/3
   796 | D:1      | Reached skill level 1 in Fighting
  1007 | D:1      | Reached XP level 3. HP: 24/28 MP: 5/5
  1582 | D:2      | Reached XP level 4. HP: 8/36 MP: 0/6
  1808 | D:2      | Found a blossoming altar of Fedhas.
  2018 | D:2      | Learned a level 2 spell: Passwall
  2021 | D:2      | Learned a level 2 spell: Sticks to Snakes
  2186 | D:2      | Reached XP level 5. HP: 45/45 MP: 2/7
  2461 | D:3      | Found a white marble altar of Elyvilon.
  2576 | D:3      | Found a shadowy altar of Dithmenos.
  2699 | D:3      | Learned a level 3 spell: Stone Arrow
  2958 | D:3      | Noticed a moth of wrath
  2960 | D:3      | Found a bloodstained altar of Trog.
  3129 | D:3      | Reached skill level 1 in Transmutations
  3378 | D:4      | Noticed a phantom
  3705 | D:4      | Reached XP level 6. HP: 50/50 MP: 5/8
  3771 | D:4      | Found a burning altar of Makhleb.
  3778 | D:4      | Noticed a green death
  3783 | D:4      | Found a glowing silver altar of Zin.
  3783 | D:4      | Noticed an angel
  4021 | D:4      | Found Xounev's Gadget Boutique.
  4032 | D:5      | Entered Level 5 of the Dungeon
  4141 | D:5      | Reached skill level 1 in Conjurations
  4353 | D:5      | Found a sparkling altar of Nemelex Xobeh.
  4503 | D:5      | Noticed Ijyb
  4503 | D:5      | Noticed a yak
  4503 | D:5      | Noticed a yak
  4503 | D:5      | Noticed a yak
  4503 | D:5      | Noticed a yak
  4503 | D:5      | Noticed a yak
  4503 | D:5      | Noticed a yak
  4514 | D:5      | Killed Ijyb
  4620 | D:4      | Mangled by a yak

Skill      XL: |  1  2  3  4  5  6 |
---------------+-------------------+-----
Dodging        | 2 |  2.4
Spellcasting   | 2 |  2.0
Fighting       | 1 2 3 4 |  4.5
Stealth        | 3 |  3.0
Earth Magic    | 4 |  4.5
Transmutations | 1 |  1.5
Conjurations   | 1 |  1.1

Action                   |  1- 3 |  4- 6 || total
-------------------------+-------+-------++-------
Melee: Unarmed           |   168 |   202 ||   370
       Mace              |       |     4 ||     4
 Fire: Hunting sling     |       |    24 ||    24
 Cast: Sandblast         |     8 |    76 ||    84
       Stone Arrow       |       |     1 ||     1
  Use: Scroll            |       |     8 ||     8
 Stab: Sleeping          |     2 |     2 ||     4
  Eat: Chunk             |    16 |     9 ||    25
Armor: Robe              |    51 |    55 ||   106
Dodge: Dodged            |   139 |   159 ||   298
